 Dungeon Crawl Stone Soup version 0.28-a0-802-g09f76e8c00 (webtiles) character file.

Game seed: 9305926650391224511

49 vurker the Gusty (level 3, 15/15 HPs)
             Began as a Felid Air Elementalist on Nov 6, 2021.
             Quit the game on level 3 of the Dungeon.
             The game lasted 00:03:48 (2592 turns).

vurker the Gusty (Felid Air Elementalist)           Turns: 2592, Time: 00:03:48

Health: 15/15      AC:  1    Str:  4    XL:     3   Next: 51%
Magic:  8/8        EV: 17    Int: 17    God:
Gold:   122        SH:  0    Dex: 16    Spells: 3/8 levels left
                                        Lives:  0   Deaths: 1

rFire   . . .      SeeInvis +   (weapon unavailable)
rCold   . . .      Faith    .   (shield unavailable)
rNeg    . . .      Spirit   .   (armour unavailable)
rPois   .          Reflect  .   (helmet unavailable)
rElec   .          Harm     .   (cloak unavailable)
rCorr   .          Rampage  .   (gloves unavailable)
Will    .....                   (boots unavailable)
Stlth   ++........              (no amulet)
HPRegen 0.05/turn               (no ring)
MPRegen 0.11/turn               (no ring)

@: quick
A: very small, claws 1, fangs 3, see invisible, speed 1, shaggy fur 1, stealthy
paws, no weapons or thrown items, no armour, multi-lived
a: no special abilities


You were on level 3 of the Dungeon.
You visited 1 branch of the dungeon, and saw 3 of its levels.

You collected 122 gold pieces.

Inventory:

Scrolls
 a - a scroll of blinking {unknown}
 b - 2 scrolls of identify
 c - 2 scrolls of fog
 d - 4 scrolls of teleportation {unknown}
 e - a scroll of enchant weapon {unknown}
 g - 2 scrolls of noise {unknown}
Potions
 f - a potion of flight
 h - a potion of resistance


   Skills:
 + Level 1.5 Fighting
 - Level 2.6 Dodging
 - Level 2.6 Stealth
 * Level 3.0 Spellcasting
 + Level 1.7 Conjurations
 * Level 3.5 Air Magic


You had 3 spell levels left.
You knew the following spells:

 Your Spells              Type           Power      Damage    Failure   Level
a - Shock                 Conj/Air       44%        1d5       6%          1
c - Airstrike             Air            7%         N/A       38%         4

Your spell library contained the following spells:

 Spells                   Type           Power      Damage    Failure   Level
 Static Discharge         Conj/Air       11%        N/A       9%          2
 Swiftness                Air            14%        N/A       12%         3
 Summon Small Mammal      Summ           8%         N/A       17%         1
 Call Canine Familiar     Summ           2%         N/A       45%         3
 Summon Guardian Golem    Hex/Summ       2%         N/A       45%         3


Dungeon Overview and Level Annotations

Branches:
Dungeon (3/15)

Altars:
Okawaru

Annotations:
D:3 Grinder


Innate Abilities, Weirdness & Mutations

You have sharp claws.
You have razor-sharp teeth.
You have supernaturally acute eyesight. (SInv)
You cover ground quickly. (Speed+)
You are covered in fur. (AC +1)
Your paws help you pounce on unaware monsters.
You are incapable of wielding weapons or throwing items.
You cannot wear armour.
You gain extra lives every three experience levels.


Message History

An orc wizard comes into view.
It is wielding a +0 dagger of protection.
A goblin comes into view. It is wielding a +0 dagger.
Grinder comes into view.
The orc wizard moves out of view.
Aim: an orc, wielding a +0 mace (68% to hit)
The zap hits the orc.
Aim: an orc, wielding a +0 mace (moderately wounded, 68% to hit)
The zap hits the orc.
Aim: an orc, wielding a +0 mace (severely wounded, 68% to hit)
You miscast Shock.
You are very lightly contaminated with residual magic.
Nothing appears to happen.
Aim: an orc, wielding a +0 mace (severely wounded, 68% to hit)
The zap hits the orc.
You kill the orc!
The zap hits the orc wizard but does no damage.
Aim: an orc wizard, wielding a +0 dagger and wearing a +0 robe (60% to hit)
The zap hits the orc wizard.
The zap misses the goblin.
Aim: an orc wizard, wielding a +0 dagger and wearing a +0 robe (moderately wounded, 60% to hit)
The zap hits the orc wizard.
The zap hits the goblin.
Aim: an orc wizard, wielding a +0 dagger and wearing a +0 robe (moderately wounded, 60% to hit)
The zap hits the orc wizard.
The zap misses the goblin.
Aim: an orc wizard, wielding a +0 dagger and wearing a +0 robe (heavily wounded, 60% to hit)
The zap hits the orc wizard.
The zap hits the goblin.
You kill the goblin!
Aim: an orc wizard, wielding a +0 dagger and wearing a +0 robe (severely wounded, 60% to hit)
The zap misses the orc wizard.
The orc wizard gestures wildly while chanting.
The orc wizard flickers and vanishes for a moment.
Your magical contamination has completely faded away.
There is an open door here.
The orc wizard points at you and mumbles some strange words.
The puff of flame hits you!
Ouch! That really hurt!
* * * LOW HITPOINT WARNING * * *
The orc wizard points at you and mumbles some strange words.
The puff of flame hits you.
* * * LOW HITPOINT WARNING * * *
Aim: an orc wizard, wielding a +0 dagger and wearing a +0 robe (severely wounded, slightly transparent, 60% to hit)
You miscast Shock.
You are very lightly contaminated with residual magic.
Nothing appears to happen.
You aren't carrying any items that you can evoke.
Okay, then.
You feel very mighty all of a sudden. The orc wizard casts a spell at you.
The magic dart hits you.
You die...
You are now level 3!
You rejoin the land of the living...

#......##.#
#.#.#
#.........#
#.#.#
###########
#.#.# #.#.#
#.#.# #.#.#
#...#
#.#####.#
#...@...#
#########


There were no monsters in sight!

Vanquished Creatures
  Jessica (D:3)
  Robin (D:2)
  2 adders (D:2)
  A dart slug (D:1)
  An orc (D:3)
  4 endoplasms
  6 giant cockroaches
  7 goblins
  5 hobgoblins
  4 kobolds
  2 quokkas
  2 ball pythons (D:1)
  A bat (D:1)
  3 frilled lizards
  5 rats
45 creatures vanquished.

Notes
Turn   | Place    | Note
-------+----------+-------------------------------------------
     0 | D:1      | vurker the Felid Air Elementalist began the quest for the
                  | Orb.
     0 | D:1      | Reached XP level 1. HP: 7/7 MP: 4/4
   107 | D:1      | Reached skill level 1 in Conjurations
   372 | D:1      | Reached XP level 2. HP: 12/12 MP: 3/6
  1018 | D:2      | Reached skill level 1 in Fighting
  1030 | D:2      | Noticed Robin
  1042 | D:2      | Reached XP level 3. HP: 15/15 MP: 3/7
  1105 | D:2      | Killed Robin
  1410 | D:2      | Found an iron altar of Okawaru.
  1841 | D:2      | Reached XP level 4. HP: 19/19 MP: 5/9
  1846 | D:2      | Learned a level 4 spell: Airstrike
  2068 | D:3      | Noticed Jessica
  2076 | D:3      | Killed Jessica
  2137 | D:3      | Noticed a centaur
  2563 | D:3      | Noticed Grinder
  2591 | D:3      | Killed from afar by an orc wizard
  2592 | D:3      | Reached XP level 3. HP: -1/15 MP: 0/8
  2592 | D:3      | Quit the game

Illustrated notes

Levels and vault maps discovered:
D:1:      scummos_arrival_star, layout_rooms
D:2:      layout_loops_cross, basic_altar, uniq_robin
D:3:      layout_basic, uniq_jessica, uniq_crazy_yiuf_cottage, uniq_grinder

Skill      XL: |  1  2  3  4 |
---------------+-------------+-----
Conjurations   | 1 |  1.7
Air Magic      | 3 |  3.5
Fighting       | 1 |  1.5
Spellcasting   | 3 |  3.0
Dodging        | |  2.6
Stealth        | |  2.6

Action                   |  1- 3 |  4- 6 || total
-------------------------+-------+-------++-------
Melee: Unarmed           |    18 |       ||    18
       Bite              |     3 |       ||     3
 Cast: Shock             |    77 |    23 ||   100
  Use: Scroll            |     2 |     2 ||     4
       Potion            |       |     1 ||     1
Dodge: Dodged            |    24 |     3 ||    27

Table legend: (Time is in decaauts)
 A = Elapsed time spent in this place.
 B = Non-inter-level travel time spent in this place.
 C = Inter-level travel time spent in this place.
 D = Time resting spent in this place.
 E = Time spent auto-exploring this place.
 F = Levels seen in this place.
 G = Mean time per level.
                   A        B        C        D        E       F      G
               +--------+--------+--------+--------+--------+-----+--------+
         Total |   2374 |   2328 |     46 |    455 |   1509 |   3 |  791.3 |
       Dungeon |   2374 |   2328 |     46 |    455 |   1509 |   3 |  791.3 |
               +--------+--------+--------+--------+--------+-----+--------+

Top non-repeatable levels by time:
     D:2: 1222 daAuts
     D:1: 942 daAuts
     D:3: 209 daAuts
